 Dungeon Crawl Stone Soup version 0.22.1-1-ga44c0e5 (webtiles) character file.

55 dvd the Gusty (level 3, 0/19 HPs)
             Began as a Tengu Air Elementalist on Oct 29, 2018.
             Succumbed to a worker ant's poison
             ... on level 2 of the Dungeon.
             The game lasted 00:05:04 (1935 turns).

dvd the Gusty (Tengu Air Elementalist)              Turns: 1935, Time: 00:05:04

Health: 0/19       AC:  3    Str:  8    XL:     3   Next: 93%
Magic:  2/7        EV: 16    Int: 16    God:
Gold:   42         SH:  0    Dex: 14    Spells: 3/7 levels left

rFire    . . .     SeeInvis .   e - +1 dagger (speed)
rCold    . . .     Gourm    .   (no shield)
rNeg     . . .     Faith    .   a - +0 robe
rPois    .         Spirit   .   (helmet restricted)
rElec    .         Reflect  .   (no cloak)
rCorr    .         Harm     .   j - +0 pair of gloves
MR       .....                  (boots unavailable)
Stlth    ++........             (no amulet)
HPRegen  0.06/turn              f - +3 ring of evasion
MPRegen  0.10/turn              (no ring)

@: lethally poisoned (0 -> -3)
A: beak, talons 3
a: no special abilities


You were on level 2 of the Dungeon.
You were not hungry.

You visited 1 branch of the dungeon, and saw 2 of its levels.

You collected 42 gold pieces.

Inventory:

Hand Weapons
 d - a +0 hand axe
 e - a +1 dagger of speed (weapon)
 g - a cursed -1 short sword
Armour
 a - a +0 robe (worn)
 j - a +0 pair of gloves (worn)
Jewellery
 f - a +3 ring of evasion (left hand)
Scrolls
 h - 2 scrolls of identify {unknown}
 l - a scroll of immolation {unknown}
 m - a scroll of blinking {unknown}
Potions
 b - a potion of magic {unknown}
 i - a potion of heal wounds {unknown}
 k - a potion of resistance {unknown}
Comestibles
 c - 4 rations


   Skills:
 + Level 2.3 Dodging
 + Level 2.2 Stealth
 + Level 2.6 Spellcasting
 + Level 2.1 Conjurations
 + Level 5.1 Air Magic


You had 3 spell levels left.
You knew the following spells:

 Your Spells              Type           Power        Failure   Level  Hunger
a - Shock                 Conj/Air       ##..         4%          1    #......
b - Static Discharge      Conj/Air       ##......     13%         3    ###....

Your spell library contained the following spells:

 Spells                   Type           Power        Failure   Level  Hunger
 Swiftness                Chrm/Air       ##......     11%         2    ##.....
 Airstrike                Air            ###.......   24%         4    #####..
 Lightning Bolt           Conj/Air       ##........   77%         5    ######.


Dungeon Overview and Level Annotations

Branches:
Dungeon (2/15)

Altars:


Innate Abilities, Weirdness & Mutations

You have a beak for a mouth.
You have claws for feet.


Message History

The bullfrog gives a loud, deep croak!
The worker ant completely misses you. The worker ant misses you.
The worker ant closely misses you. The worker ant bites you.
You are poisoned.
The worker ant poisons you!
You feel sick.
You feel sick.
The bullfrog releases a deep croak.
You feel sick. The worker ant misses you. The bullfrog closely misses you.
You feel sick. The bullfrog hits you!
* * * LOW HITPOINT WARNING * * *
The worker ant misses you. The bullfrog hits you.
* * * LOW HITPOINT WARNING * * *
There is a stone staircase leading up, spattered with blood here.
Unknown command.
You die...

.≈.≈.§§≈§§§§.§#
⌠.≈.⌠.§§§§≈§.≈#
.≈.≈.≈.≈.≈.≈.≈# ###########
≈...§.§.≈...≈≈# ###.........#
.≈.≈.≈.≈.≈§§≈§###...........#
§.≈§⌠.§...≈≈≈##.............#
§≈.§.§.≈.≈≈§##..............#
≈...§...≈≈§##........########
≈≈.≈.≈.≈≈≈##...F@.....#
≈≈≈..§≈§≈##....a......#
#≈§.§§§≈##............#
###'''###...........###
#.........)........##
..#......÷......#..#
.......!..#.......##
.##..............##
.................##


You could see a bullfrog and a worker ant.

Vanquished Creatures
  2 dart slugs (D:1)
  An orc (D:2)
  2 giant cockroaches (D:2)
  4 goblins
  9 hobgoblins
  9 jackals (D:1)
  6 kobolds (D:1)
  3 bats
  2 frilled lizards (D:1)
  4 rats
42 creatures vanquished.

Notes
Turn   | Place    | Note
-------+----------+-------------------------------------------
     0 | D:1      | dvd the Tengu Air Elementalist began the quest for the Orb.
     0 | D:1      | Reached XP level 1. HP: 10/10 MP: 4/4
   184 | D:1      | Reached XP level 2. HP: 5/15 MP: 0/6
   643 | D:1      | Reached XP level 3. HP: 19/19 MP: 1/7
   704 | D:1      | Learned a level 3 spell: Static Discharge
  1128 | D:1      | Reached skill level 5 in Air Magic
  1567 | D:2      | Noticed a bullfrog
  1935 | D:2      | Succumbed to a worker ant's poison

Skill      XL: |  1  2  3 |
---------------+----------+-----
Air Magic      | 5 |  5.1
Conjurations   | 2 |  2.1
Dodging        | |  2.3
Stealth        | |  2.2
Spellcasting   | |  2.6

Action                   || total
-------------------------++-------
Melee: Hand axe          ||     1
       Dagger            ||     5
       Kick              ||     1
 Cast: Shock             ||    77
       Static Discharge  ||     1
  Eat: Chunk             ||     4
Armor: Robe              ||     6
Dodge: Dodged            ||    27
